 Dungeon Crawl Stone Soup version 0.26-a0-1205-g4083c211ab (webtiles) character file.

Game seed: 8816596132124759299

51 CurlyBrace the Sneak (level 3, -1/17 HPs)
             Began as a Felid Delver on Dec 29, 2020.
             Slain by a big kobold zombie (2 damage)
             ... in an ossuary.
             The game lasted 00:02:12 (264 turns).

CurlyBrace the Sneak (Felid Delver)                  Turns: 264, Time: 00:02:13

Health: -1/17      AC:  1    Str:  8    XL:     3   Next: 58%
Magic:  4/4        EV: 18    Int: 12    God:
Gold:   0          SH:  0    Dex: 17    Spells: 2/2 levels left
                                        Lives:  0   Deaths: 0

rFire    . . .     SeeInvis +     - Unarmed
rCold    . . .     Faith    .   (shield unavailable)
rNeg     . . .     Spirit   .   (armour unavailable)
rPois    .         Reflect  .   (helmet unavailable)
rElec    .         Harm     .   (cloak unavailable)
rCorr    .         Rampage  .   (gloves unavailable)
Will     .....                  (boots unavailable)
Stlth    ++++......             (no amulet)
HPRegen  0.05/turn              (no ring)
MPRegen  0.09/turn              (no ring)

@: quick
A: very small, no armour, no weapons or thrown items, stealth, claws 1, fangs 3,
see invisible, speed 1, shaggy fur 1, sharp paws
a: no special abilities


You were in an ossuary.
You visited 1 branch of the dungeon, and saw 3 of its levels.
You also visited: Ossuary.

Inventory:

Wands
 v - a wand of digging (3)
Scrolls
 a - a scroll of fog
 c - a scroll of fear
 e - a scroll of vulnerability
 f - a scroll of magic mapping


   Skills:
 * Level 3.2 Fighting
 + Level 3.1 Dodging
 - Level 7.0 Stealth
 * Level 3.2 Unarmed Combat


You had 2 spell levels left.
You didn't know any spells.
Your spell library was empty.

Dungeon Overview and Level Annotations

Branches:
Dungeon (6/15)            Ossuary (1/1)
 Temple: D:4-7

Altars:

Annotations:
D:4 Blork the orc


Innate Abilities, Weirdness & Mutations

You cannot wear armour.
You are incapable of wielding weapons or throwing items.
Your paws allow you to move quietly. (Stealth)
You have sharp claws.
You have razor-sharp teeth.
You have supernaturally acute eyesight. (SInv)
You cover ground quickly.
You are covered in fur. (AC +1)
Your sharp claws are effective at attacking unaware monsters.


Message History

You open the door. 3 zombies come into view. 2 zombies come into view.
There is an open door here.
You pounce on the unaware helpless adder zombie!
You mangle the adder zombie!!
You destroy the adder zombie!
You close the door.
The helpless goblin zombie fails to defend itself.
You mangle the goblin zombie!!
You destroy the goblin zombie!
The hound zombie misses you.
You aren't carrying any potions.
The hound zombie misses you. The big kobold zombie hits you.
* * * LOW HITPOINT WARNING * * *
The hound zombie barely misses you. The hound zombie misses you.
The big kobold zombie hits you.
You die...

######################
#...........Z........#
#......Z.............#
#....#+#......###....#
#...##.##Z...##∩##...#
#..Z#ZZ.#.Z..#...#...#
#.Z.#.Z.#....#'#.#...#
#.Z##@..##Z.##.#.##..#
#..#.....#..#..#..#Z.#
#ZZ#+#.#+#..#..#..#.∩#
#..# #.# #..####..#..#
#Z.# #.# #..#.....#..#
#..# #.# #..#..##'#.∩#
#..# ... #..#..#..#..#
#..## +###Z.##.#.##..#
#...# #....#.###...#


You could see an adder zombie, a hound zombie and a big kobold zombie.

Vanquished Creatures
  2 mummies
  4 adder zombies (Ossuary)
  A giant cockroach (D:6)
  2 gnoll zombies (Ossuary)
  2 goblin zombies (Ossuary)
  2 hobgoblin zombies (Ossuary)
  3 kobold zombies
  3 quokka zombies (Ossuary)
19 creatures vanquished.

Notes
Turn   | Place    | Note
-------+----------+-------------------------------------------
     0 | D:5      | CurlyBrace the Felid Delver began the quest for the Orb.
     0 | D:5      | Reached XP level 1. HP: 10/10 MP: 2/2
    29 | D:4      | Noticed Blork the orc
    30 | D:4      | Noticed an orc priest
    34 | D:4      | Found a sand-covered staircase.
    37 | D:4      | Reached XP level 2. HP: 14/14 MP: 3/3
    39 | Ossuary  | Entered an ossuary
   112 | Ossuary  | Reached skill level 7 in Stealth
   112 | Ossuary  | Reached XP level 3. HP: 16/17 MP: 4/4
   264 | Ossuary  | Slain by a big kobold zombie

Illustrated notes

Levels and vault maps discovered:
D:4:      layout_cave_pools, nicolae_ossuary_entry_giza, serial_bayou_pond_c,
          grunt_gozag_breadcrumbs, uniq_duvessa, uniq_blork_the_orc,
          uniq_grinder
D:5:      layout_basic, minmay_temple_entry_arrows, uniq_edmund
D:6:      layout_layer_cave, old_standard_altar, lemuel_crystal_altar,
          uniq_pikel
Ossuary:  minmay_ossuary_two_tombs

Skill      XL: |  1  2 |
---------------+-------+-----
Dodging        | 3 |  3.1
Stealth        | 7 |  7.0
Unarmed Combat | 3 |  3.2
Fighting       | |  3.2

Action                   || total
-------------------------++-------
Melee: Unarmed           ||    69
       Bite              ||     7
       Punch             ||     1
  Use: Scroll            ||     3
       Potion            ||     2
 Stab: Sleeping          ||     7
Armor: Skin              ||     2
Dodge: Dodged            ||    77

Table legend: (Time is in decaauts)
 A = Elapsed time spent in this place.
 B = Non-inter-level travel time spent in this place.
 C = Inter-level travel time spent in this place.
 D = Time resting spent in this place.
 E = Time spent auto-exploring this place.
 F = Levels seen in this place.
 G = Mean time per level.
                   A        B        C        D        E       F      G
               +--------+--------+--------+--------+--------+-----+--------+
         Total |    207 |    207 |      0 |      0 |      0 |   4 |   51.8 |
       Dungeon |     33 |     33 |      0 |      0 |      0 |   3 |   11.0 |
       Ossuary |    173 |    173 |      0 |      0 |      0 |   1 |  173.0 |
               +--------+--------+--------+--------+--------+-----+--------+

Top non-repeatable levels by time:
 Ossuary: 173 daAuts
     D:4: 24 daAuts
     D:5: 5 daAuts
     D:6: 4 daAuts
